 Dungeon Crawl Stone Soup version 0.19-a0-1292-g796ee4d (webtiles) character file.

12154 George the Destroyer (level 11, -2/54 HPs)
             Began as a Deep Elf Conjurer on Aug 30, 2016.
             Was an Elder of Sif Muna.
             Slain by an ice devil (19 damage)
             ... summoned by a kobold demonologist
             ... on level 11 of the Dungeon.
             The game lasted 01:05:28 (14930 turns).

George the Destroyer (Deep Elf Conjurer)           Turns: 14930, Time: 01:05:29

Health: -2/54      AC: 10    Str:  5    XL:     11   Next: 58%
Magic:  23/40      EV: 16    Int: 27    God:    Sif Muna [****..]
Gold:   709        SH:  0    Dex: 15    Spells: 7 memorised, 5 levels left

rFire  . . .     SeeInvis +     J - staff of power
rCold  . . .     Gourm    +     s - +0 robe
rNeg   . . .     Faith    .     (no shield)
rPois  .         Spirit   .     i - +2 hat {Int+3}
rElec  .         Dismiss  .     x - +0 cloak
rCorr  .         Reflect  .     (no gloves)
MR     +....     Harm     .     Y - +0 pair of boots
Stlth  +++.......               z - amulet of the gourmand
                                P - ring of see invisible
                                d - +4 ring of protection

@: no status effects
A: no striking features
a: Divine Energy, Channel Magic, Forget Spell, Renounce Religion


You were on level 11 of the Dungeon.
You worshipped Sif Muna.
Sif Muna was greatly pleased with you.
You were completely stuffed.

You visited 2 branches of the dungeon, and saw 12 of its levels.
You also visited: Ossuary.

You collected 709 gold pieces.

Inventory:

Armour
 i - a +2 hat of intelligence (worn)
 s - a +0 robe (worn)
 x - a +0 cloak (worn)
 Y - a +0 pair of boots (worn)
Magical Staves
 J - an uncursed staff of power (weapon)
Rods
 L - a +0 rod of shadows (13/13)
   (You found it on level 6 of the Dungeon)
Jewellery
 d - a +4 ring of protection (left hand)
 z - an amulet of the gourmand (around neck)
 D - an uncursed ring of protection from fire
 P - a ring of see invisible (right hand)
Wands
 f - a wand of teleportation (4/9)
 B - a wand of iceblast (12/15)
 C - a wand of lightning (6/15)
 E - a wand of lightning (5/15)
 H - a wand of iceblast (9/15)
 M - a wand of slowing (17/48)
 T - a wand of digging (14/24)
 U - a wand of acid (7/15)
 Z - a wand of confusion (13/48)
Scrolls
 h - 2 scrolls of blinking {unknown}
 j - 2 scrolls of magic mapping {unknown}
 m - 2 scrolls of teleportation
 n - 3 scrolls of remove curse
 w - 3 scrolls of recharging {unknown}
 y - 3 scrolls of amnesia {unknown}
 O - a scroll of summoning {unknown}
 Q - 3 scrolls of enchant armour
 S - 2 scrolls of enchant weapon {unknown}
Potions
 a - 2 potions of haste
 e - 4 potions of agility
 l - 7 potions of curing
 o - a potion of invisibility
 p - 3 potions of might
 r - 5 potions of heal wounds
 t - 3 potions of cancellation
 u - a potion of cure mutation
 v - 2 potions of brilliance
 G - 2 potions of flight
 K - a potion of magic
 R - a potion of berserk rage {unknown}
 V - a potion of resistance {unknown}
 W - 4 potions of degeneration {unknown}
Books
 b - a book of Conjurations

   Spells                             Type                      Level
   a - Magic Dart                     Conjuration                  1
   b - Searing Ray                    Conjuration                  2
   c - Dazzling Spray                 Conjuration/Hexes            3
   d - Fulminant Prism                Conjuration/Hexes            4
   e - Iskenderun's Mystic Blast      Conjuration                  4
   f - Iskenderun's Battlesphere      Conjuration/Charms           5
 q - a book of Beasts

   Spells                             Type                      Level
   a - Summon Butterflies             Summoning                    1
   b - Call Canine Familiar           Summoning                    3
   c - Summon Ice Beast               Ice/Summoning                4
   d - Summon Mana Viper              Hexes/Summoning              5
   e - Summon Hydra                   Summoning                    7
 A - a book of Spatial Translocations

   Spells                             Type                      Level
   a - Apportation                    Translocation                1
   b - Blink                          Translocation                2
   c - Shroud of Golubria             Charms/Translocation         2
   d - Portal Projectile              Translocation                3
   e - Teleport Other                 Translocation                3
   f - Passage of Golubria            Translocation                4
 F - a book of the Sky

   Spells                             Type                      Level
   a - Summon Lightning Spire         Summoning/Air                4
   b - Airstrike                      Air                          4
   c - Silence                        Hexes/Air                    5
   d - Deflect Missiles               Charms/Air                   6
   e - Conjure Ball Lightning         Conjuration/Air              6
   f - Tornado                        Air                          9
 N - a book of Summonings

   Spells                             Type                      Level
   a - Recall                         Summoning/Translocation      3
   b - Aura of Abjuration             Summoning                    5
   c - Summon Demon                   Summoning                    5
   d - Summon Forest                  Summoning/Translocation      5
   e - Summon Mana Viper              Hexes/Summoning              5
   f - Shadow Creatures               Summoning                    6
Comestibles
 c - 6 bread rations
 g - 6 meat rations
 k - 39 fruits
 I - 3 slices of pizza
 X - a royal jelly


   Skills:
 - Level 6.1 Dodging
 - Level 6.6 Stealth
 + Level 8.3 Spellcasting
 + Level 9.7 Conjurations
 - Level 8.4 Hexes
 + Level 9.7 Charms
 + Level 7.5 Summonings
 + Level 0.4 Translocations
 + Level 6.8 Ice Magic
 + Level 3.9 Air Magic
 + Level 7.1 Invocations


You had 5 spell levels left.
You knew the following spells:

 Your Spells              Type           Power        Failure   Level  Hunger
a - Magic Dart            Conj           ####         1%          1    None
b - Searing Ray           Conj           ######       1%          2    None
c - Dazzling Spray        Conj/Hex       ######       1%          3    None
d - Iskenderun's Battles  Conj/Chrm      ######..     2%          5    ####...
e - Summon Ice Beast      Ice/Summ       ######..     2%          4    ##.....
f - Summon Lightning Spi  Summ/Air       #####...     6%          4    ##.....
g - Blink                 Tloc           N/A          8%          2    None


Dungeon Overview and Level Annotations

Branches:
Dungeon (11/15)            Temple (1/1) D:7            Lair (0/6) D:8
    Orc (0/2) D:10

Altars:
Ashenzari
Cheibriados
Dithmenos
Elyvilon
Fedhas
Gozag
Hepliaklqana
Kikubaaqudgha
Makhleb
Nemelex Xobeh
Okawaru
Qazlal
Ru
Sif Muna
Trog
Uskayaw
Vehumet
Xom
Yredelemnul
Zin
The Shining One
Beogh


Message History

Confirm with . or Enter, or press ? or * to list all spells.
Aiming: Searing Ray
Press: ? - help, Shift-Dir - straight line, f - kobold demonologist
Aim: a kobold demonologist, wielding a dagger and wearing a robe (moderately wounded)
The searing ray hits the kobold demonologist.
The kobold demonologist is heavily wounded.
The ice devil hits you! The ice devil freezes you!
The kobold demonologist closely misses you.
The searing ray hits the kobold demonologist.
The kobold demonologist is heavily wounded.
The ice devil closely misses you. The troll misses you.
The troll closely misses you. The troll barely misses you.
The kobold demonologist hits you but does no damage.
Your lightning spire shoots out a bolt of lightning at the ice devil!
The bolt of electricity misses the troll.
The bolt of electricity hits the ice devil.
The searing ray hits the kobold demonologist.
The kobold demonologist is severely wounded.
The ice devil hits you! The ice devil freezes you!!
You die...

.........
..........
...........
...........
...........
.........
..######.
#+#######
..#
#.K......
..#
#@4......
..#
#.T§.....
..######.
#8.......
.........
#........
.........
#........
.........
########+
.........
.........
.........


You could see an ice devil, a kobold demonologist, a troll and a friendly
lightning spire.

Vanquished Creatures
  Sonja (D:10)
  Pikel (D:4)
  5 hill giants
  A gargoyle (D:8)
  A komodo dragon (D:8)
  A troll (D:11)
  A yak (D:10)
  A hippogriff (D:8)
  2 hungry ghosts
  Edmund (D:4)
  Menkaure (D:4)
  A water moccasin (D:10)
  A swamp drake (D:8)
  An ice beast (D:5)
  2 sky beasts
  5 orc warriors
  A slave (D:4)
  A necrophage (D:11)
  2 black bears
  An eye of draining (D:10)
  3 phantoms
  4 ogres
  4 centaurs
  2 big kobolds
  8 giant frogs
  A water moccasin zombie (Ossuary)
  2 scorpions
  4 wights (D:6)
  6 howler monkeys
  4 crimson imps
  A centaur zombie (D:11)
  6 hounds
  3 jellies
  6 orc priests
  A centaur skeleton (D:9)
  An orc wizard (D:8)
  6 iguanas
  6 worker ants
  A big kobold zombie (Ossuary)
  A hound zombie (D:5)
  2 hound skeletons
  A worker ant zombie (D:5)
  A howler monkey zombie (D:6)
  2 mummies (Ossuary)
  10 gnolls
  10 adders
  2 shadow imps
  8 adder zombies
  2 adder skeletons
  2 worms
  2 dart slugs
  4 giant geckos
  49 orcs
  7 giant cockroaches
  8 goblins
  9 hobgoblins
  6 jackals
  10 kobolds
  2 quokkas
  A ball python (D:6)
  10 bats
  10 giant newts
  4 hobgoblin zombies (Ossuary)
  4 kobold zombies (Ossuary)
  10 orc zombies (Ossuary)
  2 quokka zombies
  15 rats
294 creatures vanquished.

Vanquished Creatures (collateral kills)
  Gastronok (D:9)
  The ghost of mrath the Ruffian, a novice TrMo (D:6)
  8 yaks
  A steam dragon (D:9)
  5 orc warriors
  A crocodile (D:8)
  A big kobold (D:10)
  A gnoll sergeant (D:10)
  A howler monkey (D:10)
  3 orc priests
  A giant frog skeleton (D:10)
  An orc wizard (D:7)
  Crazy Yiuf (D:5)
  An iguana (D:8)
  16 orcs
  2 kobolds
45 creatures vanquished.

Vanquished Creatures (others)
  A hound (D:4)
  2 orc priests (D:4)
  3 orcs (D:4)
6 creatures vanquished.

Grand Total: 345 creatures vanquished

Notes
Turn   | Place    | Note
-------+----------+-------------------------------------------
     0 | D:1      | George the Deep Elf Conjurer began the quest for the Orb.
     0 | D:1      | Reached XP level 1. HP: 10/10 MP: 6/6
   365 | D:1      | Reached XP level 2. HP: 15/15 MP: 6/8
   450 | D:1      | Reached skill level 5 in Conjurations
   812 | D:1      | Learned a level 2 spell: Searing Ray
   822 | D:1      | Reached XP level 3. HP: 12/19 MP: 1/9
  1461 | D:2      | Reached XP level 4. HP: 24/24 MP: 3/11
  1803 | D:3      | Found a faded altar of an unknown god.
  1950 | D:3      | Learned a level 3 spell: Dazzling Spray
  2603 | D:3      | Reached skill level 1 in Hexes
  2603 | D:3      | Reached XP level 5. HP: 20/28 MP: 8/13
  3037 | D:3      | Learned a level 5 spell: Iskenderun's Battlesphere
  3060 | D:4      | Found a deep blue altar of Sif Muna.
  3064 | D:4      | Reached XP level 6. HP: 32/32 MP: 14/18
  3070 | D:4      | Learned a level 4 spell: Summon Ice Beast
  3097 | D:4      | Became a worshipper of Sif Muna the Loreminder
  3104 | D:4      | Noticed Menkaure
  3107 | D:4      | Killed Menkaure
  3147 | D:4      | Noticed Edmund
  3169 | D:4      | Killed Edmund
  3169 | D:4      | Reached XP level 7. HP: 36/36 MP: 8/19
  3171 | D:4      | Found a sand-covered staircase.
  3243 | Ossuary  | Entered an ossuary
  3249 | Ossuary  | Reached skill level 1 in Invocations
  3517 | Ossuary  | Reached skill level 1 in Ice Magic
  4425 | D:4      | Noticed Pikel
  4482 | D:4      | Killed Pikel
  4482 | D:4      | Reached * piety under Sif Muna
  4482 | D:4      | Reached skill level 5 in Summonings
  4482 | D:4      | Reached XP level 8. HP: 41/41 MP: 9/21
  5309 | D:5      | Entered Level 5 of the Dungeon
  5453 | D:5      | Found a runed door.
  5500 | D:5      | Found a sparkling altar of Nemelex Xobeh.
  5500 | D:5      | Found a stormy altar of Qazlal.
  5529 | D:5      | Found a sacrificial altar of Ru.
  6409 | D:5      | Found a glowing golden altar of the Shining One.
  6550 | D:5      | Noticed a moth of wrath
  6553 | D:5      | Found a bloodstained altar of Trog.
  6746 | D:5      | Reached XP level 9. HP: 45/45 MP: 7/22
  6941 | D:5      | Noticed Crazy Yiuf
  6944 | D:5      | Killed Crazy Yiuf
  7126 | D:6      | Noticed mrath's ghost (novice TrMo)
  7268 | D:6      | Found an opulent altar of Gozag.
  7455 | D:6      | Identified a +0 rod of shadows (13/13) (You found it on level 6 of the Dungeon)
  7550 | D:6      | Killed mrath's ghost
  8373 | D:6      | Reached ** piety under Sif Muna
  8962 | D:7      | Found a staircase to the Ecumenical Temple.
  8971 | Temple   | Entered the Ecumenical Temple
  9298 | D:7      | Found a glowing silver altar of Zin.
  9510 | D:7      | Found a hide-covered altar of Uskayaw.
  9510 | D:7      | Found a white marble altar of Elyvilon.
  9530 | D:7      | Found a snail-covered altar of Cheibriados.
  9941 | D:8      | Noticed a gargoyle
  9955 | D:8      | Killed a gargoyle
  9955 | D:8      | Reached XP level 10. HP: 26/50 MP: 13/23
 10470 | D:8      | Reached skill level 5 in Invocations
 10721 | D:8      | Learned a level 4 spell: Summon Lightning Spire
 10974 | D:8      | Found a roughly hewn altar of Beogh.
 11179 | D:8      | Reached skill level 1 in Air Magic
 11266 | D:8      | Reached skill level 5 in Ice Magic
 11431 | D:8      | Found a staircase to the Lair.
 11845 | D:9      | Found an ancient bone altar of Kikubaaqudgha.
 11945 | D:9      | Noticed Gastronok
 11957 | D:9      | Killed Gastronok
 11957 | D:9      | Reached *** piety under Sif Muna
 12746 | D:10     | Entered Level 10 of the Dungeon
 12757 | D:10     | Noticed a hill giant
 12766 | D:10     | Killed a hill giant
 12766 | D:10     | Reached XP level 11. HP: 54/54 MP: 24/24
 13072 | D:10     | Noticed Sonja
 13076 | D:10     | Killed Sonja
 13084 | D:10     | Noticed a hill giant
 13090 | D:10     | Killed a hill giant
 13291 | D:10     | Noticed a hill giant
 13298 | D:10     | Killed a hill giant
 13743 | D:10     | HP: 1/54 [yak (14)]
 14415 | D:10     | Found a roughly hewn altar of Beogh.
 14428 | D:10     | Found a staircase to the Orcish Mines.
 14644 | D:10     | Noticed a hill giant
 14651 | D:10     | Killed a hill giant
 14651 | D:10     | Reached **** piety under Sif Muna
 14732 | D:11     | Learned a level 2 spell: Blink
 14756 | D:11     | Noticed an ogre mage
 14882 | D:11     | Noticed a hill giant
 14889 | D:11     | Killed a hill giant
 14930 | D:11     | Slain by an ice devil

Vault maps used:
D:1:      minmay_arrival_hallway, minmay_misc_feat_cross,
          minmay_misc_feat_more_columns
D:2:      dk_vineyard_3, kennysheep_generic_room_10
D:3:      kennysheep_six_static_rooms, ecumenical_altar_1
D:4:      kennysheep_big_flooded_room, overflow_temple_1_default, first_bread,
          chequers_ossuary_entry_cave, uniq_pikel, uniq_menkaure, uniq_edmund
D:5:      tgw_trog, tso_altar, gammafunk_temple_overflow_forgotten,
          serial_bayou, serial_bayou_ford_a, serial_bayou_lagoon_a,
          serial_bayou_crossing, serial_bayou_pond_e, serial_bayou_lagoon_b,
          uniq_crazy_yiuf_cottage
D:6:      nicolae_gozag_cash_rules_everything_around_me
D:7:      lemuel_crystal_altar, gammafunk_temple_overflow_claw
D:8:      erik_lair_dragon, special_room
D:9:      overflow_temple_1_default, uniq_gastronok
D:10:     david_orc_5, blue_anna_alchemist, uniq_sonja
D:11:     enter_trove_5, jmf_multi_god_temple2
Temple:   compressed_dpeg_triangle_lava_temple
Ossuary:  ossuary_tomb_2

Skill      XL: |  1  2  3  4  5  6  7  8  9 10 11 |
---------------+----------------------------------+-----
Conjurations   | 5 6 7 8 9 |  9.7
Spellcasting   | 4 7 8 |  8.3
Stealth        | 3 6 |  6.6
Hexes          | 1 6 7 8 |  8.4
Dodging        | 6 |  6.1
Charms         | 6 7 8 9 |  9.7
Summonings     | 4 5 6 7 |  7.5
Invocations    | 2 3 4 6 7 |  7.1
Ice Magic      | 2 4 6 |  6.8
Air Magic      | 3 |  3.9
Translocations | |  0.4

Action                   |  1- 3 |  4- 6 |  7- 9 | 10-12 || total
-------------------------+-------+-------+-------+-------++-------
Melee: Dagger            |       |     4 |       |       ||     4
       Rapier            |       |       |    14 |       ||    14
       Quarterstaff      |       |       |     1 |       ||     1
 Cast: Magic Dart        |    61 |    54 |   267 |   258 ||   640
       Searing Ray       |     2 |     7 |    42 |    34 ||    85
       Dazzling Spray    |       |     2 |     3 |       ||     5
       Iskenderun's Batt |       |     2 |     5 |    21 ||    28
       Summon Ice Beast  |       |       |    11 |    11 ||    22
       Summon Lightning  |       |       |       |    11 ||    11
  Use: Scroll            |       |     3 |    10 |     5 ||    18
       Potion            |       |     1 |       |     1 ||     2
  Eat: Chunk             |     1 |     6 |    23 |    36 ||    66
       Fruit             |       |       |     1 |       ||     1
Armor: Robe              |       |     2 |    25 |    16 ||    43
Dodge: Dodged            |     7 |    16 |    90 |    52 ||   165
